 Dungeon Crawl Stone Soup version 0.21.1-1-g345015fe64 (webtiles) character file.

1185 Jannitor the Skirmisher (level 8, -1/87 HPs)
             Began as an Ogre Berserker on Apr 27, 2018.
             Was a Priest of Trog.
             Slain by a quokka (2 damage)
             ... summoned by Eustachio
             ... on level 4 of the Dungeon.
             The game lasted 00:05:09 (3622 turns).

Jannitor the Skirmisher (Ogre Berserker)            Turns: 3622, Time: 00:05:10

Health: -1/87      AC:  8    Str: 31    XL:     8   Next: 42%
Magic:  8/8        EV: 11    Int:  8    God:    Trog [***...]
Gold:   153        SH:  0    Dex:  8    Spells: 7/7 levels left

rFire    + . .     SeeInvis .   a - +0 mace
rCold    + . .     Gourm    .   (no shield)
rNeg     + . .     Faith    .   s - +2 robe {rN+}
rPois    +         Spirit   .   r - +2 hat
rElec    +         Reflect  .   i - +0 cloak
rCorr    +         Harm     .   (gloves unavailable)
MR       .....                  (boots unavailable)
Stlth    +.........             (no amulet)
HPRegen  0.24/turn              B - ring of wizardry
MPRegen  0.11/turn              y - +2 ring of strength

@: mighty, resistant, berserk cooldown, very slightly contaminated, invisible
A: large, unfitting armour, tough skin 1
a: Berserk, Trog's Hand, Burn Spellbooks, Renounce Religion


You were on level 4 of the Dungeon.
You worshipped Trog.
Trog was most pleased with you.
You were not hungry.

You visited 1 branch of the dungeon, and saw 5 of its levels.

You collected 153 gold pieces.

Inventory:

Hand Weapons
 a - a +0 mace (weapon)
 w - a +0 giant club
Armour
 b - a +0 animal skin
 i - a +0 cloak (worn)
 r - a +2 hat (worn)
 s - a +2 robe of positive energy (worn)
Jewellery
 y - a +2 ring of strength (right hand)
 B - a ring of wizardry (left hand)
Wands
 x - a wand of enslavement (13)
Scrolls
 d - 6 scrolls of immolation {unknown}
 e - 2 scrolls of random uselessness {unknown}
 f - 4 scrolls of teleportation {unknown}
 h - 6 scrolls of identify {unknown}
 m - a scroll of enchant weapon {unknown}
 n - a scroll of noise {unknown}
 o - 2 scrolls of amnesia {unknown}
 q - a scroll of remove curse {unknown}
 A - a scroll of magic mapping {unknown}
 C - a scroll of fear {unknown}
Potions
 g - a potion of haste
 z - a potion of brilliance {unknown}
Comestibles
 c - 5 rations


   Skills:
 + Level 7.6 Fighting
 + Level 5.2 Maces & Flails
 + Level 3.8 Armour
 + Level 5.2 Dodging


You had 7 spell levels left.
You didn't know any spells.

Dungeon Overview and Level Annotations

Branches:
Dungeon (5/15)             Temple (0/1) D:5

Altars:
Elyvilon
Fedhas
Makhleb
Qazlal
Trog
Uskayaw
Wu Jian
Xom
Zin

Shops:
D:5 =

Annotations:
D:4 1 transporter, Eustachio


Innate Abilities, Weirdness & Mutations

You are too large for most types of armour.
You have tough skin. (AC +1)


Message History

The quokka misses you. The river rat barely misses you.
You closely miss the quokka.
The quokka is almost dead.
The bat hits you but does no damage. x2; The quokka closely misses you. x2
Eustachio utters an oath, "I will die for my friends!"
The quokka closely misses you. x2
You closely miss the quokka.
The quokka is almost dead.
The bat hits you but does no damage. The quokka misses you.
The quokka bites you but does no damage.
You thump Eustachio!
Eustachio is heavily wounded.
The bat closely misses you. Eustachio hits you with a rapier.
* * * LOW HITPOINT WARNING * * *
The quokka barely misses you.
Unknown command.
You closely miss Eustachio.
Eustachio is heavily wounded.
The bat hits you but does no damage. The quokka bites you.
You die...

#§§§§§ ##.##.#..†....##.# §§§§§§
##.##.#####...##.# §§§§§§ #.....#
#...##.# §§§§§§ ##.##.# #......#
§§§§§§ ##.##.# #...#### #.##
########.....# #...# #...
.......##.##.# #...# #...
...###.##.##.#####...#########...
...#......#...r@@b..........###..
.....#.####....r.r.............<.
.....(......................##...
#.#.#.#.###.######...########.#..
........# #.# ##...## #.###.
....⌠...###.# #.....# #.# ##
._..........# #.....# ## #.
....⌠...##### #.....# #..
........# #####.....######.#..#


You could see Eustachio, a river rat, 2 quokkas and a bat.

Vanquished Creatures
  Pikel (D:5)
  3 slaves (D:5)
  An ogre (D:5)
  Blork the orc (D:5)
  A howler monkey (D:5)
  A bullfrog skeleton (D:5)
  A jelly (D:5)
  2 orc priests
  Ijyb (D:5)
  2 centaur skeletons (D:4)
  Jessica (D:3)
  2 orc wizards
  2 iguanas (D:5)
  3 worker ants
  2 adders
  2 oozes
  A worm (D:2)
  2 dart slugs
  3 leopard geckos
  14 orcs
  5 bats
  3 giant cockroaches
  7 goblins
  5 hobgoblins
  9 jackals (D:3)
  4 kobolds
  4 quokkas
  A ball python zombie (D:5)
  5 frilled lizards
  8 rats
97 creatures vanquished.

Notes
Turn   | Place    | Note
-------+----------+-------------------------------------------
     0 | D:1      | Jannitor the Ogre Berserker began the quest for the Orb.
     0 | D:1      | Reached XP level 1. HP: 24/24 MP: 1/1
   131 | D:1      | Reached XP level 2. HP: 17/32 MP: 2/2
   689 | D:2      | Found a glowing silver altar of Zin.
   721 | D:2      | Found a bloodstained altar of Trog.
   721 | D:2      | Found an ornate altar of the Wu Jian Council.
   886 | D:2      | Reached XP level 3. HP: 28/40 MP: 3/3
  1042 | D:2      | Reached ** piety under Trog
  1057 | D:2      | Reached skill level 1 in Armour
  1266 | D:2      | Found a shimmering altar of Xom.
  1266 | D:2      | Found a burning altar of Makhleb.
  1297 | D:2      | Found a faded altar of an unknown god.
  1383 | D:3      | Reached XP level 4. HP: 49/49 MP: 4/4
  1477 | D:3      | Noticed Jessica
  1483 | D:3      | Reached skill level 5 in Fighting
  1483 | D:3      | Reached XP level 5. HP: 41/57 MP: 5/5
  1503 | D:3      | Killed Jessica
  1820 | D:3      | Reached *** piety under Trog
  2058 | D:4      | Reached XP level 6. HP: 36/66 MP: 6/6
  2179 | D:4      | Found a white marble altar of Elyvilon.
  2240 | D:4      | Found a stormy altar of Qazlal.
  2314 | D:4      | Found a hide-covered altar of Uskayaw.
  2314 | D:4      | Found a blossoming altar of Fedhas.
  2368 | D:4      | Found a transporter.
  2378 | D:5      | Entered Level 5 of the Dungeon
  2434 | D:5      | Noticed Blork the orc
  2440 | D:5      | Reached skill level 6 in Fighting
  2450 | D:5      | Killed Blork the orc
  2450 | D:5      | Reached XP level 7. HP: 40/75 MP: 7/7
  2737 | D:5      | Noticed Ijyb
  2744 | D:5      | Found a staircase to the Ecumenical Temple.
  2758 | D:5      | Killed Ijyb
  2889 | D:5      | Noticed Pikel
  2919 | D:5      | Killed Pikel
  2919 | D:5      | Reached skill level 7 in Fighting
  2919 | D:5      | Reached XP level 8. HP: 34/87 MP: 8/8
  3299 | D:5      | Found Zufyif's Jewellery Emporium.
  3308 | D:5      | Reached skill level 5 in Maces & Flails
  3308 | D:5      | Reached skill level 5 in Dodging
  3425 | D:5      | Noticed Eustachio
  3621 | D:4      | HP: 1/87 [Eustachio/rapier (6)]
  3622 | D:4      | Slain by a quokka

Skill      XL: |  1  2  3  4  5  6  7  8 |
---------------+-------------------------+-----
Dodging        | 3 4 5 |  5.2
Maces & Flails | 3 4 5 |  5.2
Armour         | 1 2 3 |  3.8
Fighting       | 5 6 7 |  7.6

Action                   |  1- 3 |  4- 6 |  7- 9 || total
-------------------------+-------+-------+-------++-------
Melee: Mace              |   122 |   141 |   104 ||   367
Invok: Berserk           |     3 |     2 |     4 ||     9
       Trog's Hand       |       |     2 |     5 ||     7
  Use: Potion            |       |     1 |     7 ||     8
  Eat: Chunk             |     4 |     5 |     6 ||    15
       Ration            |       |       |     2 ||     2
Armor: Animal skin       |    70 |    19 |       ||    89
       Robe              |       |    37 |    55 ||    92
Dodge: Dodged            |    85 |   112 |   120 ||   317
